Panthers vs Hurricanes

Created - November 30 2010 at 17:52

Goals
1 2 3 T
Panthers 0 0 1 1
Hurricanes 2 1 3 6
Shots
1 2 3 T
Panthers 5 6 8 19
Hurricanes 15 9 6 30

Period #1

1. Hurricanes , Andy Greene 6 (Jarome Iginla, Eric Staal) at 10:47
2. Hurricanes , Jamie Benn 4 (Eric Staal, Andy Greene) at 19:15 (PP)

Penalties :
Stephane Robidas (FLA) for Cross-checking (Minor) at 0:11, Brad Stuart (FLA) for Roughing (Minor) at 0:15, Jamie Benn (CAR) for Hooking (Minor) at 8:29, Brad Stuart (FLA) for Roughing (Minor) at 8:29, Ryan OByrne (CAR) for Slashing (Minor) at 13:52, Craig Rivet (FLA) for Roughing (Minor) at 19:09

Period #2

3. Hurricanes , Derick Brassard 2 (Ryan Wilson, Michael Ryder) at 12:43 (PP)

Penalties :
Craig Rivet (FLA) for Roughing (Minor) at 1:32, Stephane Robidas (FLA) for Interference (Minor) at 4:15, Chad Larose (FLA) for Hooking (Minor) at 9:11, Marc-Andre Bergeron (FLA) for Holding (Minor) at 11:15, Ryan OByrne (CAR) for Hooking (Minor) at 15:06

Period #3

4. Panthers , Chad Larose 4 (Curtis Glencross, Jaroslav Spacek) at 6:42
5. Hurricanes , Erik Cole 6 (Johnny Oduya) at 8:00
6. Hurricanes , Eric Staal 8 (Andy Greene, Jamie Benn) at 9:07
7. Hurricanes , Jamie Benn 5 (Ryan OByrne, Andy Greene) at 17:51 (PP)

Penalties :
Johnny Oduya (CAR) for High sticking (Double Minor) at 1:12, Brad Stuart (FLA) for Hooking (Minor) at 17:23

Goalie Stats

Niklas Backstrom (FLA), 2 saves from 3 shots - (0.667), 10:53 minutes
Rick Dipietro (FLA), 22 saves from 27 shots - (0.815), L, 9-5-0, 49:07 minutes
Pascal Leclaire (CAR), 18 saves from 19 shots - (0.947), W, 9-12-3, 60:00 minutes

Players Stats

Panthers
Player Name              G  A  P  +/- PIM S  H  SB FO    MP 
------------------------------------------------------------
Aaron Johnson            0  0  0   0  0   0  0  1  0/0   12 
Alexei Ponikarovsky      0  0  0  -2  0   1  1  0  0/0   17 
Andrew Brunette          0  0  0   0  0   0  0  0  0/0   17 
Anze Kopitar             0  0  0   0  0   2  1  0  13/24 18 
Brad Stuart              0  0  0  -3  6   2  2  1  0/0   18 
Brian Rafalski           0  0  0   0  0   0  0  1  0/0   13 
Chad Larose              1  0  1   1  2   4  2  0  0/1   15 
Craig Rivet              0  0  0   1  4   1  3  5  0/0   19 
Curtis Glencross         0  1  1   1  0   0  1  1  0/1   16 
Frans Nielsen            0  0  0   1  0   1  0  0  14/26 19 
Jaroslav Spacek          0  1  1   1  0   0  1  2  0/0   14 
Marc-Andre Bergeron      0  0  0  -3  2   0  1  1  0/0   20 
Maxim Afinogenov         0  0  0  -2  0   3  1  0  0/1   18 
Mikael Samuelsson        0  0  0  -1  0   1  2  0  1/2   19 
Pierre-Marc Bouchard     0  0  0  -1  0   1  0  0  1/2   7  
Rich Peverley            0  0  0  -2  0   1  0  0  9/19  18 
Ryan Potulny             0  0  0  -1  0   0  0  0  4/7   6  
Stephane Robidas         0  0  0   0  4   2  4  1  0/0   20 
Hurricanes
Player Name              G  A  P  +/- PIM S  H  SB FO    MP 
------------------------------------------------------------
Andy Greene              1  3  4   2  0   4  0  4  0/0   24 
Brandon Yip              0  0  0   1  0   1  0  0  0/0   14 
Brent Sopel              0  0  0  -1  0   0  1  1  0/0   17 
Derick Brassard          1  0  1   1  0   1  3  0  8/19  18 
Eric Belanger            0  0  0   0  0   0  1  0  8/17  11 
Eric Staal               1  2  3   2  0   7  1  0  16/30 23 
Erik Cole                1  0  1   1  0   3  0  0  2/2   17 
Jamie Benn               2  1  3   2  2   4  1  0  0/1   20 
Jarome Iginla            0  1  1   2  0   2  0  0  0/0   22 
Jed Ortmeyer             0  0  0  -1  0   0  1  0  0/2   13 
Jere Lehtinen            0  0  0  -1  0   0  0  1  1/2   16 
Johnny Oduya             0  1  1   1  4   0  2  1  0/0   19 
Mathieu Roy              0  0  0  -1  0   4  0  2  0/0   19 
Mathieu Schneider        0  0  0   0  0   0  0  0  0/0   1  
Michael Ryder            0  1  1   0  0   0  1  0  0/0   6  
Mikhail Grabovski        0  0  0  -1  0   2  0  0  6/10  12 
Ryan OByrne              0  1  1   1  4   0  1  1  0/0   20 
Ryan Wilson              0  1  1   2  0   2  0  0  0/0   20 

3 Stars

1 - Andy Greene (CAR)
2 - Jamie Benn (CAR)
3 - Eric Staal (CAR)

Power Play

Panthers - 0 on 3 Attempt(s) - 0.00%
Hurricanes - 3 on 8 Attempt(s) - 37.50%

Penalty Kill

Panthers - 5 on 8 Attempt(s) - 62.50% - Score 0 goal in Penalty Kill
Hurricanes - 3 on 3 Attempt(s) - 100.00% - Score 0 goal in Penalty Kill

Game Notes

Brian Rafalski is injured at 14:09 of 2nd period (Bruised Left Foot)
Niklas Backstrom enters game at 9:07 of 3rd period

Finance

Level 1 -- Attendance: 5902 (98.37%) -- Ticket Income $531,180.00
Level 2 -- Attendance: 3949 (78.98%) -- Ticket Income $217,195.00
Level 3 -- Attendance: 2897 (82.77%) -- Ticket Income $101,395.00
Level 4 -- Attendance: 2527 (78.24%) -- Ticket Income $48,013.00
Luxury Box -- Attendance: 999 (99.90%) -- Ticket Income $184,815.00
Game was played at the RBC Center
Total Attendance: 16274 (86.89%)
Total Ticket Income: $1,096,757.00
Other Income: $208,453.80
Total Income: $1,305,211.00


Play by Play

Period #1

0:01 of 1st period - Anze Kopitar wins face-off versus Eric Staal in neutral zone.
0:11 of 1st period - Minor Penalty to Stephane Robidas for Cross-checking.
0:12 of 1st period - Derick Brassard wins face-off versus Frans Nielsen in Panthers zone.
0:13 of 1st period - Shot by Mathieu Roy.
0:13 of 1st period - Stopped by Rick Dipietro without a rebound.
0:14 of 1st period - Derick Brassard wins face-off versus Chad Larose in Panthers zone.
0:14 of 1st period - Derick Brassard is hit by Craig Rivet.
0:15 of 1st period - Minor Penalty to Brad Stuart for Roughing.
0:16 of 1st period - Eric Staal wins face-off versus Frans Nielsen in Panthers zone.
0:25 of 1st period - Shot by Andy Greene.
0:25 of 1st period - Shot Blocked by Craig Rivet.
0:27 of 1st period - Shot by Eric Staal.
0:27 of 1st period - Stopped by Rick Dipietro with a rebound.
0:29 of 1st period - Shot by Jamie Benn.
0:29 of 1st period - Shot Blocked by Craig Rivet.
0:31 of 1st period - Shot by Ryan OByrne.
0:31 of 1st period - Shot Misses the Net.
0:33 of 1st period - Shot by Eric Staal.
0:33 of 1st period - Stopped by Rick Dipietro without a rebound.
0:34 of 1st period - Frans Nielsen wins face-off versus Derick Brassard in Panthers zone.
0:40 of 1st period - Icing by Mathieu Roy.
0:41 of 1st period - Frans Nielsen wins face-off versus Derick Brassard in Hurricanes zone.
0:48 of 1st period - Shot by Ryan Wilson.
0:48 of 1st period - Shot Blocked by Aaron Johnson.
1:11 of 1st period - Shot by Mathieu Roy.
1:11 of 1st period - Stopped by Rick Dipietro with a rebound.
2:31 of 1st period - Shot by Mikhail Grabovski.
2:31 of 1st period - Stopped by Rick Dipietro with a rebound.
2:44 of 1st period - Icing by Brian Rafalski.
2:45 of 1st period - Eric Belanger wins face-off versus Anze Kopitar in Panthers zone.
2:55 of 1st period - Anze Kopitar is hit by Michael Ryder.
3:06 of 1st period - Derick Brassard is hit by Stephane Robidas and loses puck.
3:33 of 1st period - Ryan OByrne is hit by Anze Kopitar.
3:47 of 1st period - Icing by Brian Rafalski.
3:48 of 1st period - Anze Kopitar wins face-off versus Derick Brassard in Panthers zone.
4:36 of 1st period - Off-side.
4:37 of 1st period - Eric Staal wins face-off versus Frans Nielsen in neutral zone.
4:43 of 1st period - Eric Staal is hit by Craig Rivet and loses puck.
4:50 of 1st period - Shot by Jamie Benn.
4:50 of 1st period - Stopped by Rick Dipietro without a rebound.
4:51 of 1st period - Mikhail Grabovski wins face-off versus Frans Nielsen in Panthers zone.
5:04 of 1st period - Shot by Mikhail Grabovski.
5:04 of 1st period - Shot Misses the Net.
5:06 of 1st period - Shot by Jed Ortmeyer.
5:06 of 1st period - Shot Blocked by Craig Rivet.
5:12 of 1st period - Shot by Mikhail Grabovski.
5:12 of 1st period - Shot Misses the Net.
5:59 of 1st period - Jamie Benn is hit by Brad Stuart.
6:37 of 1st period - Shot by Brad Stuart.
6:37 of 1st period - Stopped by Pascal Leclaire without a rebound.
6:38 of 1st period - Jere Lehtinen wins face-off versus Anze Kopitar in Hurricanes zone.
6:53 of 1st period - Shot by Andrew Brunette.
6:53 of 1st period - Shot Misses the Net.
7:39 of 1st period - Shot by Frans Nielsen.
7:39 of 1st period - Shot Misses the Net.
7:41 of 1st period - Shot by Curtis Glencross.
7:41 of 1st period - Shot Misses the Net.
7:53 of 1st period - Icing by Jed Ortmeyer.
7:54 of 1st period - Mikhail Grabovski wins face-off versus Rich Peverley in Hurricanes zone.
8:22 of 1st period - Jarome Iginla is hit by Marc-Andre Bergeron.
8:29 of 1st period - Minor Penalty to Jamie Benn for Hooking.
8:29 of 1st period - Minor Penalty to Brad Stuart for Roughing.
8:30 of 1st period - Eric Staal wins face-off versus Rich Peverley in Panthers zone.
8:46 of 1st period - Shot by Mikael Samuelsson.
8:46 of 1st period - Stopped by Pascal Leclaire with a rebound.
8:48 of 1st period - Shot by Rich Peverley.
8:48 of 1st period - Shot Misses the Net.
8:52 of 1st period - Shot by Mikael Samuelsson.
8:52 of 1st period - Shot Misses the Net.
8:54 of 1st period - Shot by Mikael Samuelsson.
8:54 of 1st period - Shot Misses the Net.
8:56 of 1st period - Shot by Rich Peverley.
8:56 of 1st period - Shot Blocked by Andy Greene.
8:58 of 1st period - Shot by Jaroslav Spacek.
8:58 of 1st period - Shot Blocked by Andy Greene.
9:07 of 1st period - Jarome Iginla is hit by Craig Rivet and loses puck.
9:18 of 1st period - Derick Brassard is hit by Maxim Afinogenov and loses puck.
9:43 of 1st period - Shot by Erik Cole.
9:43 of 1st period - Shot Blocked by Brian Rafalski.
9:47 of 1st period - Shot by Ryan Wilson.
9:47 of 1st period - Shot Misses the Net.
9:49 of 1st period - Shot by Ryan Wilson.
9:49 of 1st period - Stopped by Rick Dipietro without a rebound.
9:50 of 1st period - Rich Peverley wins face-off versus Derick Brassard in Panthers zone.
9:57 of 1st period - Ryan Wilson is hit by Mikael Samuelsson and loses puck.
10:06 of 1st period - Shot by Mikael Samuelsson.
10:06 of 1st period - Shot Misses the Net.
10:09 of 1st period - Icing by Johnny Oduya.
10:10 of 1st period - Anze Kopitar wins face-off versus Derick Brassard in Hurricanes zone.
10:29 of 1st period - Shot by Derick Brassard.
10:29 of 1st period - Shot Misses the Net.
10:45 of 1st period - Shot by Jarome Iginla.
10:45 of 1st period - Shot Blocked by Marc-Andre Bergeron.
10:47 of 1st period - Shot by Andy Greene.
10:47 of 1st period - Goal by Andy Greene - Panthers : 0 - Hurricanes : 1.
10:48 of 1st period - Frans Nielsen wins face-off versus Mikhail Grabovski in neutral zone.
10:51 of 1st period - Ryan OByrne is hit by Curtis Glencross and loses puck.
11:02 of 1st period - Shot by Mikhail Grabovski.
11:02 of 1st period - Shot Misses the Net.
11:04 of 1st period - Shot by Jere Lehtinen.
11:04 of 1st period - Shot Misses the Net.
11:06 of 1st period - Shot by Mikhail Grabovski.
11:06 of 1st period - Shot Misses the Net.
12:13 of 1st period - Eric Belanger is hit by Stephane Robidas.
13:05 of 1st period - Shot by Maxim Afinogenov.
13:05 of 1st period - Stopped by Pascal Leclaire without a rebound.
13:06 of 1st period - Frans Nielsen wins face-off versus Jere Lehtinen in Hurricanes zone.
13:37 of 1st period - Icing by Jaroslav Spacek.
13:38 of 1st period - Frans Nielsen wins face-off versus Eric Staal in Panthers zone.
13:52 of 1st period - Minor Penalty to Ryan OByrne for Slashing.
13:53 of 1st period - Anze Kopitar wins face-off versus Eric Belanger in Hurricanes zone.
14:22 of 1st period - Shot by Stephane Robidas.
14:22 of 1st period - Stopped by Pascal Leclaire without a rebound.
14:23 of 1st period - Eric Belanger wins face-off versus Frans Nielsen in Hurricanes zone.
14:56 of 1st period - Icing by Rich Peverley.
14:57 of 1st period - Frans Nielsen wins face-off versus Eric Belanger in Panthers zone.
15:02 of 1st period - Shot by Brian Rafalski.
15:02 of 1st period - Shot Blocked by Mathieu Roy.
16:05 of 1st period - Shot by Chad Larose.
16:05 of 1st period - Shot Blocked by Johnny Oduya.
16:53 of 1st period - Shot by Mikhail Grabovski.
16:53 of 1st period - Stopped by Rick Dipietro without a rebound.
16:54 of 1st period - Eric Staal wins face-off versus Rich Peverley in Panthers zone.
16:55 of 1st period - Shot by Andy Greene.
16:55 of 1st period - Stopped by Rick Dipietro without a rebound.
16:56 of 1st period - Rich Peverley wins face-off versus Eric Staal in Panthers zone.
17:12 of 1st period - Shot by Jarome Iginla.
17:12 of 1st period - Shot Misses the Net.
17:14 of 1st period - Shot by Andy Greene.
17:14 of 1st period - Stopped by Rick Dipietro without a rebound.
17:15 of 1st period - Mikael Samuelsson wins face-off versus Eric Belanger in Panthers zone.
17:31 of 1st period - Icing by Johnny Oduya.
17:32 of 1st period - Rich Peverley wins face-off versus Eric Belanger in Hurricanes zone.
17:33 of 1st period - Shot by Alexei Ponikarovsky.
17:33 of 1st period - Shot Misses the Net.
17:43 of 1st period - Shot by Maxim Afinogenov.
17:43 of 1st period - Stopped by Pascal Leclaire without a rebound.
17:44 of 1st period - Anze Kopitar wins face-off versus Eric Staal in Hurricanes zone.
18:10 of 1st period - Shot by Eric Staal.
18:10 of 1st period - Stopped by Rick Dipietro without a rebound.
18:11 of 1st period - Rich Peverley wins face-off versus Mikhail Grabovski in Panthers zone.
18:50 of 1st period - Icing by Marc-Andre Bergeron.
18:51 of 1st period - Rich Peverley wins face-off versus Eric Staal in Panthers zone.
18:51 of 1st period - Rich Peverley is hit by Jamie Benn.
18:56 of 1st period - Off-side.
18:57 of 1st period - Derick Brassard wins face-off versus Frans Nielsen in neutral zone.
19:09 of 1st period - Minor Penalty to Craig Rivet for Roughing.
19:10 of 1st period - Eric Staal wins face-off versus Ryan Potulny in Panthers zone.
19:13 of 1st period - Shot by Eric Staal.
19:13 of 1st period - Stopped by Rick Dipietro with a rebound.
19:15 of 1st period - Shot by Jamie Benn.
19:15 of 1st period - Goal by Jamie Benn - Panthers : 0 - Hurricanes : 2.
19:16 of 1st period - Eric Staal wins face-off versus Anze Kopitar in neutral zone.
19:21 of 1st period - Shot by Eric Staal.
19:21 of 1st period - Stopped by Rick Dipietro without a rebound.
19:22 of 1st period - Frans Nielsen wins face-off versus Derick Brassard in Panthers zone.
19:49 of 1st period - Shot by Brandon Yip.
19:49 of 1st period - Shot Misses the Net.
19:51 of 1st period - Shot by Ryan Wilson.
19:51 of 1st period - Shot Blocked by Jaroslav Spacek.
19:53 of 1st period - Shot by Brandon Yip.
19:53 of 1st period - Shot Blocked by Jaroslav Spacek.
19:55 of 1st period - Shot by Ryan Wilson.
19:55 of 1st period - Shot Misses the Net.
19:57 of 1st period - Shot by Brandon Yip.
19:57 of 1st period - Shot Blocked by Craig Rivet.

Period #2

0:01 of 2nd period - Eric Staal wins face-off versus Anze Kopitar in neutral zone.
0:30 of 2nd period - Icing by Ryan OByrne.
0:31 of 2nd period - Rich Peverley wins face-off versus Eric Staal in Hurricanes zone.
0:53 of 2nd period - Icing by Brad Stuart.
0:54 of 2nd period - Derick Brassard wins face-off versus Rich Peverley in Panthers zone.
1:32 of 2nd period - Minor Penalty to Craig Rivet for Roughing.
1:33 of 2nd period - Ryan Potulny wins face-off versus Eric Staal in Panthers zone.
1:47 of 2nd period - Shot by Andy Greene.
1:47 of 2nd period - Stopped by Rick Dipietro without a rebound.
1:48 of 2nd period - Derick Brassard wins face-off versus Frans Nielsen in Panthers zone.
2:13 of 2nd period - Shot by Brandon Yip.
2:13 of 2nd period - Stopped by Rick Dipietro without a rebound.
2:14 of 2nd period - Frans Nielsen wins face-off versus Eric Staal in Panthers zone.
2:22 of 2nd period - Icing by Jarome Iginla.
2:23 of 2nd period - Eric Staal wins face-off versus Frans Nielsen in Hurricanes zone.
2:34 of 2nd period - Shot by Andy Greene.
2:34 of 2nd period - Shot Blocked by Stephane Robidas.
2:36 of 2nd period - Shot by Andy Greene.
2:36 of 2nd period - Shot Blocked by Brad Stuart.
2:38 of 2nd period - Shot by Jamie Benn.
2:38 of 2nd period - Shot Misses the Net.
2:40 of 2nd period - Shot by Jarome Iginla.
2:40 of 2nd period - Stopped by Rick Dipietro without a rebound.
2:41 of 2nd period - Derick Brassard wins face-off versus Ryan Potulny in Panthers zone.
2:42 of 2nd period - Shot by Mathieu Roy.
2:42 of 2nd period - Stopped by Rick Dipietro without a rebound.
2:43 of 2nd period - Ryan Potulny wins face-off versus Derick Brassard in Panthers zone.
3:38 of 2nd period - Shot by Eric Staal.
3:38 of 2nd period - Shot Misses the Net.
3:46 of 2nd period - Shot by Rich Peverley.
3:46 of 2nd period - Deflect By Maxim Afinogenov.
3:46 of 2nd period - Shot Misses the Net.
3:48 of 2nd period - Shot by Rich Peverley.
3:48 of 2nd period - Shot Misses the Net.
3:50 of 2nd period - Shot by Brad Stuart.
3:50 of 2nd period - Deflect By Rich Peverley.
3:50 of 2nd period - Shot Blocked by Jere Lehtinen.
3:52 of 2nd period - Shot by Alexei Ponikarovsky.
3:52 of 2nd period - Deflect By Rich Peverley.
3:52 of 2nd period - Stopped by Pascal Leclaire without a rebound.
3:53 of 2nd period - Eric Belanger wins face-off versus Anze Kopitar in Hurricanes zone.
3:53 of 2nd period - Brent Sopel is hit by Mikael Samuelsson.
4:07 of 2nd period - Johnny Oduya is hit by Stephane Robidas and loses puck.
4:15 of 2nd period - Minor Penalty to Stephane Robidas for Interference.
4:16 of 2nd period - Ryan Potulny wins face-off versus Eric Staal in Panthers zone.
4:34 of 2nd period - Jarome Iginla is hit by Brad Stuart and loses puck.
5:34 of 2nd period - Shot by Johnny Oduya.
5:34 of 2nd period - Shot Blocked by Curtis Glencross.
5:36 of 2nd period - Shot by Jamie Benn.
5:36 of 2nd period - Stopped by Rick Dipietro without a rebound.
5:37 of 2nd period - Frans Nielsen wins face-off versus Eric Staal in Panthers zone.
6:50 of 2nd period - Shot by Anze Kopitar.
6:50 of 2nd period - Shot Misses the Net.
7:06 of 2nd period - Maxim Afinogenov is hit by Brent Sopel and loses puck.
8:00 of 2nd period - Off-side.
8:01 of 2nd period - Anze Kopitar wins face-off versus Eric Staal in neutral zone.
8:18 of 2nd period - Shot by Anze Kopitar.
8:18 of 2nd period - Stopped by Pascal Leclaire without a rebound.
8:19 of 2nd period - Mikhail Grabovski wins face-off versus Mikael Samuelsson in Hurricanes zone.
9:03 of 2nd period - Ryan Wilson is hit by Chad Larose and loses puck.
9:11 of 2nd period - Minor Penalty to Chad Larose for Hooking.
9:12 of 2nd period - Eric Staal wins face-off versus Curtis Glencross in Panthers zone.
9:13 of 2nd period - Shot by Jamie Benn.
9:13 of 2nd period - Deflect By Eric Staal.
9:13 of 2nd period - Stopped by Rick Dipietro without a rebound.
9:14 of 2nd period - Eric Staal wins face-off versus Ryan Potulny in Panthers zone.
9:47 of 2nd period - Brad Stuart is hit by Eric Staal and loses puck.
11:15 of 2nd period - Minor Penalty to Marc-Andre Bergeron for Holding.
11:16 of 2nd period - Frans Nielsen wins face-off versus Derick Brassard in Panthers zone.
12:37 of 2nd period - Shot by Ryan Wilson.
12:37 of 2nd period - Stopped by Rick Dipietro with a rebound.
12:39 of 2nd period - Shot by Ryan Wilson.
12:39 of 2nd period - Deflect By Derick Brassard.
12:39 of 2nd period - Shot Misses the Net.
12:43 of 2nd period - Shot by Derick Brassard.
12:43 of 2nd period - Goal by Derick Brassard - Panthers : 0 - Hurricanes : 3.
12:44 of 2nd period - Mikhail Grabovski wins face-off versus Rich Peverley in neutral zone.
12:47 of 2nd period - Shot by Mathieu Roy.
12:47 of 2nd period - Stopped by Rick Dipietro without a rebound.
12:48 of 2nd period - Rich Peverley wins face-off versus Mikhail Grabovski in Panthers zone.
14:08 of 2nd period - Brian Rafalski is hit by Derick Brassard and loses puck.
14:09 of 2nd period - Brian Rafalski from Panthers is injured at 14:09 of 2nd period (Bruised Left Foot).
14:10 of 2nd period - Eric Staal wins face-off versus Frans Nielsen in Panthers zone.
14:26 of 2nd period - Shot by Jarome Iginla.
14:26 of 2nd period - Shot Blocked by Craig Rivet.
15:06 of 2nd period - Minor Penalty to Ryan OByrne for Hooking.
15:07 of 2nd period - Eric Belanger wins face-off versus Frans Nielsen in Hurricanes zone.
15:52 of 2nd period - Shot by Stephane Robidas.
15:52 of 2nd period - Stopped by Pascal Leclaire without a rebound.
15:53 of 2nd period - Eric Belanger wins face-off versus Maxim Afinogenov in Hurricanes zone.
15:59 of 2nd period - Icing by Stephane Robidas.
16:00 of 2nd period - Erik Cole wins face-off versus Anze Kopitar in Panthers zone.
16:26 of 2nd period - Shot by Anze Kopitar.
16:26 of 2nd period - Stopped by Pascal Leclaire without a rebound.
16:27 of 2nd period - Frans Nielsen wins face-off versus Eric Staal in Hurricanes zone.
16:53 of 2nd period - Shot by Alexei Ponikarovsky.
16:53 of 2nd period - Stopped by Pascal Leclaire without a rebound.
16:54 of 2nd period - Anze Kopitar wins face-off versus Eric Belanger in Hurricanes zone.
16:55 of 2nd period - Shot by Marc-Andre Bergeron.
16:55 of 2nd period - Shot Misses the Net.
17:03 of 2nd period - Stephane Robidas is hit by Eric Belanger and loses puck.
17:33 of 2nd period - Shot by Brad Stuart.
17:33 of 2nd period - Stopped by Pascal Leclaire without a rebound.
17:34 of 2nd period - Frans Nielsen wins face-off versus Derick Brassard in Hurricanes zone.
17:50 of 2nd period - Icing by Johnny Oduya.
17:51 of 2nd period - Derick Brassard wins face-off versus Anze Kopitar in Hurricanes zone.
18:25 of 2nd period - Craig Rivet is hit by Derick Brassard and loses puck.
18:29 of 2nd period - Icing by Craig Rivet.
18:30 of 2nd period - Anze Kopitar wins face-off versus Mikhail Grabovski in Panthers zone.
18:32 of 2nd period - Icing by Andrew Brunette.
18:33 of 2nd period - Mikhail Grabovski wins face-off versus Anze Kopitar in Panthers zone.
18:39 of 2nd period - Icing by Andrew Brunette.
18:40 of 2nd period - Anze Kopitar wins face-off versus Eric Staal in Panthers zone.
18:42 of 2nd period - Icing by Stephane Robidas.
18:43 of 2nd period - Anze Kopitar wins face-off versus Eric Staal in Panthers zone.

Period #3

0:01 of 3rd period - Anze Kopitar wins face-off versus Jamie Benn in neutral zone.
0:34 of 3rd period - Shot by Mikael Samuelsson.
0:34 of 3rd period - Shot Misses the Net.
1:12 of 3rd period - Double Minor Penalty to Johnny Oduya for High sticking.
1:13 of 3rd period - Eric Belanger wins face-off versus Frans Nielsen in Hurricanes zone.
2:48 of 3rd period - Shot by Pierre-Marc Bouchard.
2:48 of 3rd period - Shot Blocked by Ryan OByrne.
2:50 of 3rd period - Shot by Frans Nielsen.
2:50 of 3rd period - Shot Misses the Net.
2:52 of 3rd period - Shot by Craig Rivet.
2:52 of 3rd period - Stopped by Pascal Leclaire without a rebound.
2:53 of 3rd period - Erik Cole wins face-off versus Anze Kopitar in Hurricanes zone.
3:27 of 3rd period - Andy Greene is hit by Stephane Robidas and loses puck.
4:38 of 3rd period - Jamie Benn is hit by Chad Larose and loses puck.
4:43 of 3rd period - Shot by Pierre-Marc Bouchard.
4:43 of 3rd period - Stopped by Pascal Leclaire without a rebound.
4:44 of 3rd period - Eric Belanger wins face-off versus Pierre-Marc Bouchard in Hurricanes zone.
4:50 of 3rd period - Icing by Jaroslav Spacek.
4:51 of 3rd period - Pierre-Marc Bouchard wins face-off versus Eric Belanger in Panthers zone.
5:40 of 3rd period - Shot by Erik Cole.
5:40 of 3rd period - Stopped by Rick Dipietro without a rebound.
5:41 of 3rd period - Rich Peverley wins face-off versus Jed Ortmeyer in Panthers zone.
6:38 of 3rd period - Shot by Chad Larose.
6:38 of 3rd period - Stopped by Pascal Leclaire with a rebound.
6:40 of 3rd period - Shot by Jaroslav Spacek.
6:40 of 3rd period - Shot Blocked by Brent Sopel.
6:42 of 3rd period - Shot by Curtis Glencross.
6:42 of 3rd period - Deflect By Chad Larose.
6:42 of 3rd period - Goal by Chad Larose - Panthers : 1 - Hurricanes : 3.
6:43 of 3rd period - Eric Staal wins face-off versus Anze Kopitar in neutral zone.
7:37 of 3rd period - Andrew Brunette is hit by Johnny Oduya and loses puck.
7:45 of 3rd period - Off-side.
7:46 of 3rd period - Rich Peverley wins face-off versus Derick Brassard in neutral zone.
8:00 of 3rd period - Shot by Erik Cole.
8:00 of 3rd period - Goal by Erik Cole - Panthers : 1 - Hurricanes : 4.
8:01 of 3rd period - Frans Nielsen wins face-off versus Eric Belanger in neutral zone.
8:09 of 3rd period - Curtis Glencross is hit by Ryan OByrne and loses puck.
8:55 of 3rd period - Off-side.
8:56 of 3rd period - Eric Staal wins face-off versus Rich Peverley in neutral zone.
9:05 of 3rd period - Shot by Jamie Benn.
9:05 of 3rd period - Shot Misses the Net.
9:07 of 3rd period - Shot by Andy Greene.
9:07 of 3rd period - Deflect By Eric Staal.
9:07 of 3rd period - Goal by Eric Staal - Panthers : 1 - Hurricanes : 5.
9:07 of 3rd period - Niklas Backstrom enters game.
9:08 of 3rd period - Eric Staal wins face-off versus Rich Peverley in neutral zone.
10:11 of 3rd period - Shot by Anze Kopitar.
10:11 of 3rd period - Shot Misses the Net.
11:06 of 3rd period - Shot by Frans Nielsen.
11:06 of 3rd period - Stopped by Pascal Leclaire without a rebound.
11:07 of 3rd period - Eric Belanger wins face-off versus Rich Peverley in Hurricanes zone.
11:07 of 3rd period - Eric Belanger is hit by Alexei Ponikarovsky.
11:23 of 3rd period - Shot by Alexei Ponikarovsky.
11:23 of 3rd period - Shot Blocked by Andy Greene.
11:33 of 3rd period - Brad Stuart is hit by Derick Brassard and loses puck.
12:06 of 3rd period - Shot by Frans Nielsen.
12:06 of 3rd period - Shot Blocked by Mathieu Roy.
12:08 of 3rd period - Shot by Craig Rivet.
12:08 of 3rd period - Shot Misses the Net.
12:10 of 3rd period - Shot by Chad Larose.
12:10 of 3rd period - Stopped by Pascal Leclaire without a rebound.
12:11 of 3rd period - Eric Staal wins face-off versus Anze Kopitar in Hurricanes zone.
12:22 of 3rd period - Shot by Eric Staal.
12:22 of 3rd period - Shot Misses the Net.
13:38 of 3rd period - Shot by Maxim Afinogenov.
13:38 of 3rd period - Stopped by Pascal Leclaire without a rebound.
13:39 of 3rd period - Derick Brassard wins face-off versus Frans Nielsen in Hurricanes zone.
14:49 of 3rd period - Icing by Ryan Wilson.
14:50 of 3rd period - Anze Kopitar wins face-off versus Derick Brassard in Hurricanes zone.
14:50 of 3rd period - Andrew Brunette is hit by Johnny Oduya and loses puck.
14:53 of 3rd period - Shot by Anze Kopitar.
14:53 of 3rd period - Shot Misses the Net.
15:19 of 3rd period - Shot by Jarome Iginla.
15:19 of 3rd period - Stopped by Niklas Backstrom without a rebound.
15:20 of 3rd period - Eric Staal wins face-off versus Rich Peverley in Panthers zone.
15:50 of 3rd period - Shot by Maxim Afinogenov.
15:50 of 3rd period - Deflect By Alexei Ponikarovsky.
15:50 of 3rd period - Shot Blocked by Andy Greene.
16:22 of 3rd period - Shot by Chad Larose.
16:22 of 3rd period - Stopped by Pascal Leclaire without a rebound.
16:23 of 3rd period - Anze Kopitar wins face-off versus Jed Ortmeyer in Hurricanes zone.
17:23 of 3rd period - Minor Penalty to Brad Stuart for Hooking.
17:24 of 3rd period - Ryan Potulny wins face-off versus Eric Belanger in Panthers zone.
17:39 of 3rd period - Shot by Erik Cole.
17:39 of 3rd period - Stopped by Niklas Backstrom without a rebound.
17:40 of 3rd period - Frans Nielsen wins face-off versus Eric Belanger in Panthers zone.
17:51 of 3rd period - Shot by Jamie Benn.
17:51 of 3rd period - Goal by Jamie Benn - Panthers : 1 - Hurricanes : 6.
17:52 of 3rd period - Mikhail Grabovski wins face-off versus Rich Peverley in neutral zone.
18:14 of 3rd period - Brad Stuart is hit by Jed Ortmeyer and loses puck.
19:26 of 3rd period - Ryan Wilson is hit by Jaroslav Spacek and loses puck.


Output by the SimonT Hockey Simulator (STHS) for Stephane Roy -- Original Page W3C XHTML 1.0 Valid